 Dungeon Crawl Stone Soup version 0.22-a0-553-g9358b0b (webtiles) character file.

120074 GroovyGamera the Severer (level 16, -12/149 HPs)
             Began as a Minotaur Berserker on June 25, 2018.
             Was the Champion of Trog.
             Killed from afar by a deep elf mage (34 damage)
             ... with a bolt of lightning
             ... on level 2 of the Orcish Mines.
             The game lasted 02:00:17 (31232 turns).

GroovyGamera the Severer (Minotaur Berserker)      Turns: 31232, Time: 02:00:18

Health: -12/149    AC: 23    Str: 22    XL:     16   Next: 29%
Magic:  15/15      EV:  7    Int:  7    God:    Trog [******]
Gold:   1863       SH: 22    Dex: 14    Spells: 15/15 levels left

rFire    + . .     SeeInvis .   q - +2 broad axe (freeze)
rCold    + . .     Gourm    .   P - +2 large shield {rF+}
rNeg     . . .     Faith    .   u - +3 chain mail {rC+}
rPois    .         Spirit   .   (helmet restricted)
rElec    .         Reflect  .   J - +0 cloak
rCorr    .         Harm     .   m - +0 pair of gloves
MR       +++..                  k - +2 pair of boots
Stlth    ..........             (no amulet)
HPRegen  0.34/turn              D - ring of protection from magic
MPRegen  0.14/turn              h - ring of protection from magic

@: drained
A: retaliatory headbutt, horns 2
a: Berserk, Trog's Hand, Brothers in Arms, Renounce Religion


You were on level 2 of the Orcish Mines.
You worshipped Trog.
Trog was exalted by your worship.
You were not hungry.

You visited 4 branches of the dungeon, and saw 24 of its levels.

You collected 2213 gold pieces.
You spent 350 gold pieces at shops.

Inventory:

Hand Weapons
 l - a +4 antimagic executioner's axe
 q - a +2 broad axe of freezing (weapon)
 M - a +3 battleaxe of flaming
 S - a +3 battleaxe of venom
Missiles
 s - 26 tomahawks (quivered)
 B - an arrow
Armour
 k - a +2 pair of boots (worn)
 m - a +0 pair of gloves (worn)
 u - a +3 chain mail of cold resistance (worn)
 J - a +0 cloak (worn)
 P - a +2 large shield of fire resistance (worn)
Jewellery
 a - the ring of Aboucwo {Ice Str+4}
   (You found it on level 4 of the Lair of Beasts)

   [ring of ice]

   It enhances your ice magic.
   It affects your strength (+4).
   It makes you vulnerable to fire.
   It protects you from cold.
 h - a ring of protection from magic (right hand)
 r - an uncursed ring of fire
 w - an uncursed ring of flight
 D - a ring of protection from magic (left hand)
 F - a +6 ring of protection
 T - an uncursed amulet of the acrobat
 W - an uncursed ring of see invisible
Wands
 y - a wand of digging (5)
 I - a wand of disintegration (27)
Scrolls
 b - 9 scrolls of remove curse
 f - 3 scrolls of fog
 g - 9 scrolls of teleportation
 i - 8 scrolls of enchant weapon
 n - 5 scrolls of blinking
 o - 2 scrolls of magic mapping
 p - 4 scrolls of enchant armour
 E - 5 scrolls of identify
 O - 2 scrolls of fear
 Q - 2 scrolls of immolation
 X - a scroll of summoning
Potions
 d - 3 potions of mutation
 e - 3 potions of lignification
 j - a potion of flight
 t - 4 potions of haste
 v - 5 potions of agility
 x - 8 potions of heal wounds
 z - a potion of might
 A - a potion of invisibility
 C - 9 potions of curing
 H - 2 potions of brilliance
Comestibles
 c - 43 rations


   Skills:
 + Level 15.4(14.7) Fighting
 * Level 20.6(19.8) Axes
 + Level 15.3(14.6) Armour
 - Level 2.1(1.7) Dodging
 - Level 16.0(15.3) Shields


You had 15 spell levels left.
You didn't know any spells.
Your spell library contained the following spells:

 Spells                   Type           Power        Failure   Level  Hunger
 Cause Fear               Hex            #.........   100%        4    #####..
 Magic Dart               Conj           #...         100%        1    ##.....
 Apportation              Tloc           #.....       100%        1    ##.....
 Conjure Flame            Conj/Fire      #.......     100%        3    ####...
 Bolt of Magma            Conj/Fire/Erth #.........   100%        5    ######.
 Slow                     Hex            #.......     100%        2    ###....
 Invisibility             Hex            #.......     100%        6    #######
 Mephitic Cloud           Conj/Pois/Air  #.......     100%        3    ####...
 Teleport Other           Tloc           #.......     100%        3    ####...
 Blink                    Tloc           N/A          100%        2    ###....
 Call Imp                 Summ           #.......     100%        2    ###....
 Tukima's Dance           Hex            #.......     100%        3    ####...
 Stone Arrow              Conj/Erth      #.....       100%        3    ####...
 Swiftness                Chrm/Air       #.......     100%        2    ###....
 Statue Form              Tmut/Erth      #........    100%        6    #######
 Dragon Form              Tmut           #.........   100%        7    #######
 Deflect Missiles         Chrm/Air       #.........   100%        6    #######
 Passwall                 Tmut/Erth      #.......     100%        2    ###....
 Ensorcelled Hibernation  Hex/Ice        #.....       100%        2    ###....
 Summon Butterflies       Summ           #.......     100%        1    ##.....
 Shatter                  Erth           #.........   100%        9    #######
 Alistair's Intoxication  Tmut/Pois      #.......     100%        5    ######.
 Lee's Rapid Deconstruct  Erth           #.........   100%        5    ######.
 Sandblast                Erth           #.....       100%        1    ##.....
 Petrify                  Tmut/Erth      #.......     100%        4    #####..
 Passage of Golubria      Tloc           N/A          100%        4    #####..
 Leda's Liquefaction      Hex/Erth       #.........   100%        4    #####..
 Shroud of Golubria       Chrm/Tloc      #.........   100%        2    ###....
 Song of Slaying          Chrm           #.......     100%        2    ###....
 Hydra Form               Tmut           #.........   100%        6    #######
 Irradiate                Conj/Tmut      #.........   100%        5    ######.
 Gell's Gravitas          Tloc           #.........   100%        3    ####...
 Lesser Beckoning         Tloc           #.........   100%        3    ####...


Dungeon Overview and Level Annotations

Branches:
Dungeon (15/15)            Temple (0/1) D:4            Lair (6/6) D:9
  Swamp (0/4) Lair:3        Snake (0/4) Lair:2        Slime (0/5) Lair:6
    Orc (2/2) D:10            Elf (1/3) Orc:2        Vaults (0/5) D:13
 Depths (0/5) D:15

Altars:
Ashenzari
Dithmenos
Fedhas
Gozag
Nemelex Xobeh
Okawaru
Sif Muna
Trog
Vehumet
Xom
Zin
Beogh
Jiyva

Shops:
D:4 =   Orc:2 =(:

Portals:
Trove: D:11 (give +5 demon whip)

Annotations:
D:14 3 runed doors, UltimateGoldenPants's ghost, journeyman HOFi


Innate Abilities, Weirdness & Mutations

You reflexively headbutt those who attack you in melee.
You have a pair of horns on your head.


Message History

The deep elf mage casts a spell.
The deep elf mage blinks!
You slice the deep elf mage!! You freeze the deep elf mage!
You kill the deep elf mage!
Trog accepts your kill.
Trog appreciates your killing of a magic user.
Things that are here:
a long sword; a leather armour The deep elf mage casts a spell at you.
The bolt of lightning hits you!
* * * LOW HITPOINT WARNING * * *
You start resting.
The deep elf mage is too close now for your liking.
You block the deep elf mage's attack.
You hit the deep elf mage. You freeze the deep elf mage.
Your headbutt misses the deep elf mage.
The deep elf mage is moderately wounded.
The deep elf mage gestures at you while chanting.
The bolt of lightning hits you!
You die...

..#.# ###....[.........#
..#.# ###............###
..#.# ###.[..........#
..#.#
##.#.[..........###
..#.#
#.....)...........##
..#.#
####....)#...........##
..#.#
#........#.#.#........##
..#.#
#.....e#######.........#
..#.#
#..>...@##.###........##
..#.#
##.).....##.##.......##
..#)#
##...............#.##
..#.#
##.........[)...###
.##.# ####.......)...#
##..# #...........##
#...# ##....<....##
...## #.........### ..##
###.........#.###


You could see a deep elf mage.

Vanquished Creatures
  A fire giant (D:15)
  Nessos (D:14)
  Azrael (D:12)
  The ghost of Yrooluna the Fighter, a journeyman HOFi of Beogh (Lair:3)
  Snorg (D:11)
  Josephine (D:11)
  A fire dragon (Lair:5)
  Erolcha (D:9)
  7 hydras
  Harold (D:10)
  A centaur warrior (D:14)
  Erica (D:9)
  10 two-headed ogres
  An ogre mage (D:15)
  9 death yaks
  The ghost of busb the Fighter, a novice OgWn of Okawaru (D:7)
  Urug (D:13)
  2 orc high priests (Orc:2)
  4 unseen horrors
  A swamp dragon (shapeshifter) (D:13)
  2 orc knights
  A wizard (D:15)
  A lindwurm (Lair:6)
  2 statues (D:11)
  10 orc sorcerers
  A deep elf mage (Orc:2)
  15 ugly things
  3 manticores
  4 cyclopes
  6 elephants
  A centaur zombie (D:13)
  Joseph (D:9)
  2 black mambas
  3 gargoyles
  A torpor snail (Lair:5)
  38 spiny frogs
  2 centaur skeletons
  9 komodo dragons
  A yaktaur (D:14)
  10 rime drakes (Lair:5)
  A freezing wraith (D:11)
  2 kobold demonologists (D:15)
  A guardian mummy (D:11)
  4 red devils (D:15)
  A tengu conjurer (D:15)
  4 trolls
  A wind drake (shapeshifter) (D:13)
  3 meliai (Lair:4)
  2 polar bears
  A queen bee (Lair:4)
  Prince Ribbit (D:7)
  4 tyrant leeches (Lair:6)
  4 slime creatures
  27 blink frogs
  4 dream sheep (Lair:5)
  11 hippogriffs
  2 vampires (D:13)
  A shadow (D:12)
  6 wraiths
  67 yaks
  3 wyverns
  Eustachio (D:4)
  8 redbacks (D:14)
  4 basilisks
  7 steam dragons (Lair:5)
  Grum (D:11)
  12 vampire mosquitoes
  2 fire elementals (D:12)
  2 hungry ghosts
  3 insubstantial wisps (Lair:3)
  6 wargs
  Duvessa (D:7)
  3 nagas (Lair:2)
  2 acid dragons
  2 soldier ants (D:13)
  15 water moccasins
  A floating eye (shapeshifter) (D:13)
  8 porcupines
  6 hell hounds
  A swamp drake (Lair:3)
  4 phantoms
  3 sky beasts
  33 orc warriors
  A hornet zombie (D:14)
  A black bear (D:9)
  9 ice beasts
  19 centaurs
  15 ogres
  4 boggarts (D:15)
  A necrophage (D:10)
  14 wolves
  7 crocodiles
  2 big kobolds
  2 wyvern zombies
  22 bullfrogs
  A water moccasin zombie (D:6)
  A wyvern skeleton (D:8)
  Dowan (D:7)
  4 scorpions
  34 killer bees
  5 wights (D:9)
  7 electric eels
  9 howler monkeys
  12 crimson imps
  A quasit (D:7)
  A bullfrog zombie (D:5)
  9 hounds
  33 orc wizards
  A gnoll shaman (D:7)
  36 orc priests
  6 jellies
  Crazy Yiuf (D:7)
  5 iguanas
  13 worker ants
  A killer bee zombie (D:6)
  A hound zombie (D:9)
  A hound skeleton (D:4)
  2 worker ant zombies
  Robin (D:4)
  7 gnolls
  15 adders
  4 shadow imps
  An adder skeleton (D:6)
  An adder zombie (D:8)
  6 worms
  A dart slug (D:2)
  6 leopard geckos
  93 orcs
  7 bats
  5 giant cockroaches
  11 goblins
  7 hobgoblins
  13 jackals
  7 quokkas
  2 ball pythons
  5 frilled lizards
  25 kobolds
  A leopard gecko skeleton (D:8)
  A quokka skeleton (D:4)
  4 rats
  6 bushes (D:11)
  8 fungi
  12 plants
966 creatures vanquished.

Vanquished Creatures (collateral kills)
  A cyclops (D:11)
  4 orcs (D:11)
5 creatures vanquished.

Vanquished Creatures (others)
  2 rime drakes (Lair:5)
  A boggart (D:15)
  An orc wizard (Orc:2)
  An orc (D:10)
  11 fungi
  43 plants
59 creatures vanquished.

Grand Total: 1030 creatures vanquished

Notes
Turn   | Place    | Note
-------+----------+-------------------------------------------
     0 | D:1      | GroovyGamera the Minotaur Berserker began the quest for the Orb.
     0 | D:1      | Reached XP level 1. HP: 19/19 MP: 0/0
    22 | D:1      | You fall through a shaft!
    34 | D:2      | Reached skill level 4 in Axes
    54 | D:2      | Reached XP level 2. HP: 24/27 MP: 1/1
   828 | D:2      | Reached ** piety under Trog
   832 | D:2      | Reached XP level 3. HP: 28/33 MP: 2/2
  1145 | D:2      | Found an opulent altar of Gozag.
  1232 | D:2      | Found a glowing silver altar of Zin.
  1734 | D:3      | Noticed a bullfrog
  1745 | D:3      | Killed a bullfrog
  1745 | D:3      | Reached skill level 5 in Axes
  1745 | D:3      | Reached XP level 4. HP: 29/41 MP: 3/3
  1813 | D:3      | Found a shimmering altar of Xom.
  1859 | D:3      | Reached XP level 5. HP: 42/47 MP: 4/4
  1929 | D:3      | Reached skill level 6 in Axes
  1958 | D:3      | Reached skill level 5 in Fighting
  2087 | D:3      | Reached XP level 6. HP: 55/56 MP: 5/5
  2205 | D:3      | Reached *** piety under Trog
  2543 | D:4      | Noticed Eustachio
  2600 | D:4      | Killed Eustachio
  2600 | D:4      | Reached skill level 7 in Axes
  2623 | D:4      | Reached skill level 5 in Armour
  2631 | D:4      | Reached XP level 7. HP: 52/62 MP: 6/6
  2706 | D:4      | Noticed Robin
  2753 | D:4      | Killed Robin
  2882 | D:4      | Reached **** piety under Trog
  2897 | D:4      | Found Xaje's Jewellery Shoppe.
  2914 | D:4      | Found an iron altar of Okawaru.
  3008 | D:4      | Found a shattered altar of Ashenzari.
  3008 | D:4      | Noticed a two-headed ogre
  3009 | D:4      | Found a shadowy altar of Dithmenos.
  3021 | D:4      | Killed a two-headed ogre
  3021 | D:4      | Reached skill level 9 in Axes
  3021 | D:4      | Reached XP level 8. HP: 21/73 MP: 7/7
  3437 | D:4      | Found a staircase to the Ecumenical Temple.
  3526 | D:5      | Entered Level 5 of the Dungeon
  3988 | D:5      | You fall through a shaft for 3 floors!
  4000 | D:8      | Reached skill level 10 in Axes
  4009 | D:8      | Noticed a cyan ugly thing
  4037 | D:7      | Found a transporter.
  4051 | D:7      | Found a transporter.
  4303 | D:6      | Reached XP level 9. HP: 66/81 MP: 8/8
  4431 | D:5      | Found an iron altar of Okawaru.
  4440 | D:5      | Found a sparkling altar of Nemelex Xobeh.
  4698 | D:5      | Reached skill level 1 in Shields
  5102 | D:6      | Reached skill level 11 in Axes
  5751 | D:7      | Noticed a manticore
  5759 | D:7      | Noticed busb's ghost (novice OgWn)
  5880 | D:7      | Found a blossoming altar of Fedhas.
  5880 | D:7      | Noticed Duvessa
  5880 | D:7      | Noticed Dowan
  5884 | D:7      | Killed Dowan
  5890 | D:7      | Killed Duvessa
  5942 | D:7      | Found a runed door.
  6324 | D:7      | Noticed Prince Ribbit
  6331 | D:7      | Killed Prince Ribbit
  6382 | D:7      | Reached skill level 5 in Shields
  6632 | D:7      | Noticed Crazy Yiuf
  6639 | D:7      | Killed Crazy Yiuf
  6915 | D:8      | Noticed a two-headed ogre
  6929 | D:8      | Killed a two-headed ogre
  6929 | D:8      | Reached skill level 12 in Axes
  6929 | D:8      | Reached XP level 10. HP: 36/91 MP: 9/9
  7037 | D:8      | Killed a cyan ugly thing
  7469 | D:8      | Noticed a two-headed ogre
  7477 | D:8      | Killed a two-headed ogre
  7742 | D:8      | Reached ***** piety under Trog
  8146 | D:8      | Noticed a gargoyle
  8158 | D:8      | Killed a gargoyle
  8433 | D:9      | Noticed Erolcha
  8519 | D:9      | Noticed Joseph
  8537 | D:9      | Killed Joseph
  8537 | D:9      | Reached skill level 13 in Axes
  8748 | D:9      | Found a staircase to the Lair.
  8752 | D:9      | Found a radiant altar of Vehumet.
  8783 | D:9      | Reached XP level 11. HP: 99/99 MP: 10/10
  8784 | D:9      | Noticed a two-headed ogre
  8794 | D:9      | Killed a two-headed ogre
  8794 | D:9      | Reached skill level 10 in Fighting
  9089 | D:9      | Killed Erolcha
  9407 | D:9      | Noticed Erica
  9414 | D:9      | Killed Erica
  9414 | D:9      | Reached skill level 10 in Armour
  9805 | D:10     | Entered Level 10 of the Dungeon
  9823 | D:10     | Noticed a two-headed ogre
  9839 | D:10     | Killed a two-headed ogre
 10533 | D:10     | Killed an unseen horror
 10533 | D:10     | Reached skill level 14 in Axes
 10674 | D:10     | Reached skill level 10 in Shields
 10681 | D:10     | Noticed a two-headed ogre
 10695 | D:10     | Killed a two-headed ogre
 11067 | D:10     | Noticed Harold
 11099 | D:10     | Killed Harold
 11235 | D:10     | Received a gift from Trog
 11516 | D:10     | Found a staircase to the Orcish Mines.
 11897 | D:11     | Reached XP level 12. HP: 53/108 MP: 11/11
 12039 | D:11     | Noticed Snorg
 12064 | D:11     | Killed Snorg
 12144 | D:11     | Noticed Josephine
 12158 | D:11     | Killed Josephine
 12386 | D:11     | Noticed Grum
 12406 | D:11     | Killed Grum
 12470 | D:11     | Reached skill level 15 in Axes
 12963 | D:11     | Found a portal to a secret trove of treasure.
 14135 | Lair:1   | Entered Level 1 of the Lair of Beasts
 14164 | Lair:1   | Reached XP level 13. HP: 110/117 MP: 12/12
 14284 | Lair:1   | Reached skill level 16 in Axes
 14716 | Lair:1   | Identified the Compendium of Stones and Blows and Bruises
 15092 | Lair:2   | Found a staircase to the Snake Pit.
 15385 | Lair:2   | Received a gift from Trog
 16734 | Lair:3   | Found a staircase to the Swamp.
 17153 | Lair:3   | Found a runed gate.
 17153 | Lair:3   | Found a runed gate.
 17153 | Lair:3   | Found a runed gate.
 17158 | Lair:3   | Noticed Yrooluna's ghost (journeyman HOFi)
 17328 | Lair:3   | Killed Yrooluna's ghost
 17328 | Lair:3   | Reached skill level 17 in Axes
 17896 | Lair:4   | Reached XP level 14. HP: 126/127 MP: 13/13
 18309 | Lair:4   | Got a faintly glowing platinum ring
 18621 | Lair:4   | Identified the ring of Aboucwo {Ice Str+4} (You found it on level 4 of the Lair of Beasts)
 19078 | Lair:5   | Reached skill level 15 in Shields
 19856 | Lair:6   | Entered Level 6 of the Lair of Beasts
 20105 | Lair:6   | Reached skill level 18 in Axes
 20445 | Lair:6   | Received a gift from Trog
 20476 | Lair:6   | Found a staircase to the Slime Pits.
 20477 | Lair:6   | Found a viscous altar of Jiyva.
 20945 | Lair:5   | Reached XP level 15. HP: 32/137 MP: 14/14
 21495 | Lair:6   | Found the +4 moon troll leather armour {Spirit, Regen++ MP+5}
 21555 | Lair:6   | Identified the Catalogue of Beguiling and Boosts
 21563 | Lair:6   | Got a warped chain mail
 21977 | Lair:6   | Found a bloodstained altar of Trog.
 22748 | D:7      | Killed busb's ghost
 23008 | D:11     | Identified the +0 chain mail of Lucidity {*Drain Str+4} (You found it on level 6 of the Lair of Beasts)
 23043 | D:11     | Reached skill level 19 in Axes
 23120 | D:13     | Noticed Azrael
 23282 | D:12     | Reached ****** piety under Trog
 23321 | D:12     | Killed Azrael
 23831 | D:13     | Noticed Urug
 23849 | D:13     | Killed Urug
 24386 | D:13     | Found a gate to the Vaults.
 25428 | D:14     | Found a runed gate.
 25428 | D:14     | Found a runed gate.
 25428 | D:14     | Found a runed gate.
 25428 | D:14     | Noticed UltimateGoldenPants's ghost (journeyman HOFi)
 25428 | D:14     | Noticed an orc warlord
 25429 | D:14     | Received a gift from Trog
 25442 | D:14     | Found a roughly hewn altar of Beogh.
 25848 | D:14     | Noticed Nessos
 25870 | D:14     | Killed Nessos
 26659 | D:15     | Entered Level 15 of the Dungeon
 26817 | D:15     | Reached skill level 20 in Axes
 26829 | D:15     | Reached skill level 15 in Fighting
 27445 | D:15     | Found a staircase to the Depths.
 27465 | D:15     | Noticed a fire giant
 27593 | D:15     | Reached XP level 16. HP: 128/149 MP: 15/15
 27619 | D:15     | Reached skill level 15 in Armour
 28527 | D:10     | Received a gift from Trog
 28540 | Orc:1    | Entered Level 1 of the Orcish Mines
 28751 | Orc:1    | Paralysed by an orc sorcerer for 4 turns
 28863 | Orc:2    | Entered Level 2 of the Orcish Mines
 29086 | Orc:2    | Found a deep blue altar of Sif Muna.
 29373 | Orc:2    | Received a gift from Trog
 29874 | Orc:2    | Found Giefaz's Weapon Shop.
 30166 | Orc:2    | Received a gift from Trog
 30178 | Orc:2    | Found a staircase to the Elven Halls.
 30185 | Orc:2    | Found a roughly hewn altar of Beogh.
 30703 | Orc:2    | Found Yxajack's Food Boutique.
 30703 | Orc:2    | Found Raruhebb's Book Boutique.
 30706 | Orc:2    | Found Nemodoiwk's Jewellery Shop.
 31134 | Orc:2    | Bought an uncursed ring of protection from magic for 350 gold pieces
 31202 | Elf:1    | Entered Level 1 of the Elven Halls
 31232 | Orc:2    | Killed from afar by a deep elf mage

Vault maps used:
D:1:      noname_arrival_rooms_in_the_neighbourhood
D:2:      zin_statuary, nicolae_gozag_cash_rules_everything_around_me
D:3:      led_xom_imps
D:4:      cheibrodos_barr_body, gammafunk_temple_overflow_pools,
          minmay_temple_entry_mist, serial_shops, shop, serial_park_tiny_2,
          okawaru_trees_1, uniq_robin, uniq_eustachio
D:5:      kennysheep_little_box, nicolae_overflow_hidden_temple, first_ration
D:7:      fedhas_altar_1, gammafunk_ghost_arena, grunt_ogre_cave, centaur_isle,
          uniq_prince_ribbit1, uniq_crazy_yiuf_cottage, uniq_duvessa
D:9:      lemuel_crystal_altar, lair_entry_dummy, minmay_misc_feat_five,
          uniq_erolcha, uniq_erica, uniq_joseph
D:10:     erik_orc_2, minmay_misc_feat_tiny, kennysheep_generic_room_11,
          uniq_harold
D:11:     nicolae_trove_entry_path_of_doom, minmay_dual_archer_statues,
          uniq_snorg, uniq_grum, uniq_josephine
D:13:     david_vaults_2, uniq_azrael, uniq_urug
D:14:     biasface_ghost_orc_armoury, spider_trap, minmay_item_behind_shaft,
          uniq_nessos
D:15:     grunt_enter_depths_giant_problem, minmay_misc_feat_x,
          einodemon_armed_red_devil_minivault
Lair:1:   beast_lair_carwin_10, grunt_megastairs_4
Lair:2:   minmay_lair_venomous_thicket, guppyfry_snake_entry_garden,
          serial_bayou_shore_b
Lair:3:   minmay_swamp_entry_wisps, ebering_ghost_rock_garden, pond,
          lemuel_fruit_fields, serial_bayou_shore_b, lemuel_fruit_tree,
          grunt_megastairs_1
Lair:4:   special_room, serial_bayou_pond_a, infiniplex_staircase_pool
Lair:5:   bobbens_dragon_lair_wall
Lair:6:   minmay_lair_end_frog_pond, slime_altar_1, lemuel_centaur_altar
Orc:1:    nicolae_orc_damp_corner
Orc:2:    st_orc_mages, basic_altar, led_sif_book
Elf:1:    minmay_elf_arrival_circle

Skill      XL: |  1  2  3  4  5  6  7  8  9 10 11 12 13 14 15 16 |
---------------+-------------------------------------------------+-----
Axes           | 4 5 6 7 9 10 12 13 14 15 17 18 20 | 20.6
Fighting       | 4 5 7 9 10 11 12 13 15 | 15.4
Armour         | 3 4 5 6 7 8 9 10 11 12 13 14 15 | 15.3
Shields        | 5 8 10 12 14 15 16 | 16.0
Dodging        | |  2.1

Action                   |  1- 3 |  4- 6 |  7- 9 | 10-12 | 13-15 | 16-18 || total
-------------------------+-------+-------+-------+-------+-------+-------++-------
Melee: Hand axe          |    76 |   103 |   312 |   688 |  1734 |    53 ||  2966
       Headbutt          |    18 |    18 |    54 |   161 |   497 |    70 ||   818
       Broad axe         |       |       |       |       |       |   263 ||   263
Throw: Tomahawk          |       |       |     6 |    18 |    19 |       ||    43
       Javelin           |       |       |       |       |     4 |       ||     4
Invok: Berserk           |       |       |     3 |     3 |     7 |       ||    13
       Trog's Hand       |       |       |     1 |     9 |    11 |       ||    21
       Brothers in Arms  |       |       |       |     2 |       |       ||     2
 Abil: Evoke Flight      |       |       |       |       |     2 |       ||     2
  Use: Scroll            |     2 |     4 |       |    18 |     8 |     2 ||    34
       Potion            |       |       |       |     1 |     1 |       ||     2
 Stab: Sleeping          |       |       |       |     1 |       |       ||     1
  Eat: Chunk             |     3 |     2 |    13 |    11 |    34 |     2 ||    65
       Ration            |       |       |     1 |     6 |     7 |     3 ||    17
Armor: Animal skin       |     3 |       |       |       |       |       ||     3
       Ring mail         |    29 |    17 |       |       |       |       ||    46
       Chain mail        |       |    61 |   183 |   180 |   467 |    73 ||   964
       Troll leather arm |       |       |       |    48 |       |       ||    48
Dodge: Dodged            |    46 |    59 |   106 |   130 |   277 |    48 ||   666
Block: Shield            |       |       |    58 |   257 |    12 |       ||   327
       Large shield      |       |       |       |       |  1499 |   259 ||  1758

Table legend:
 A = Spawn XP
 B = Non-spawn XP
 C = Spawn XP percentage of total XP
 D = Spawn monster count
 E = Non-spawn monster count
 F = Spawn count percentage of total count
 G = Total turns spent on level
                    A         B        C        D         E        F      G
               +---------+---------+-------+---------+---------+-------+---------
         Total |       0 |  171535 |   0.0 |       0 |     948 |   0.0 | 31232
               +---------+---------+-------+---------+---------+-------+---------
           D:1 |       0 |      21 |   0.0 |       0 |      15 |   0.0 |   679
           D:2 |       0 |      50 |   0.0 |       0 |      25 |   0.0 |   990
           D:3 |       0 |     348 |   0.0 |       0 |      27 |   0.0 |   851
           D:4 |       0 |    1658 |   0.0 |       0 |      39 |   0.0 |  1118
           D:5 |       0 |     647 |   0.0 |       0 |      18 |   0.0 |   942
           D:6 |       0 |     992 |   0.0 |       0 |      28 |   0.0 |   777
           D:7 |       0 |    3571 |   0.0 |       0 |      31 |   0.0 |  1739
           D:8 |       0 |    4844 |   0.0 |       0 |      33 |   0.0 |  1689
           D:9 |       0 |    5169 |   0.0 |       0 |      38 |   0.0 |  1684
          D:10 |       0 |    6155 |   0.0 |       0 |      55 |   0.0 |  1450
          D:11 |       0 |   13188 |   0.0 |       0 |      69 |   0.0 |  2125
          D:12 |       0 |    8614 |   0.0 |       0 |      39 |   0.0 |  1772
          D:13 |       0 |    8851 |   0.0 |       0 |      35 |   0.0 |  1467
          D:14 |       0 |   13006 |   0.0 |       0 |      53 |   0.0 |  1267
          D:15 |       0 |   12831 |   0.0 |       0 |      35 |   0.0 |  1733
        Lair:1 |       0 |    5942 |   0.0 |       0 |      19 |   0.0 |   944
        Lair:2 |       0 |    4508 |   0.0 |       0 |      26 |   0.0 |  1038
        Lair:3 |       0 |   12588 |   0.0 |       0 |      43 |   0.0 |  1375
        Lair:4 |       0 |    9487 |   0.0 |       0 |      46 |   0.0 |  1376
        Lair:5 |       0 |   19067 |   0.0 |       0 |      62 |   0.0 |  2217
        Lair:6 |       0 |   25146 |   0.0 |       0 |      92 |   0.0 |  1510
         Orc:1 |       0 |    5953 |   0.0 |       0 |      43 |   0.0 |   824
         Orc:2 |       0 |    8899 |   0.0 |       0 |      77 |   0.0 |  1658
               +---------+---------+-------+---------+---------+-------+---------
